 Dungeon Crawl Stone Soup version 0.18.1-5-g4a78601 (webtiles) character file.

66709 MDvedh the Severer (level 15, 0/128 HPs)
             Began as a Hill Orc Fighter on May 9, 2016.
             Was the Champion of Beogh.
             Killed from afar by a salamander stormcaller (30 damage)
             ... with a great blast of fire
             ... on level 13 of the Dungeon.
             The game lasted 00:44:23 (23155 turns).

MDvedh the Severer (Hill Orc Fighter)              Turns: 23155, Time: 00:44:24

Health: 0/128      AC: 17    Str: 26 (27) XL:     15   Next: 20%
Magic:  0/15       EV: 14    Int: 12      God:    Beogh [******]
Gold:   1775       SH: 15    Dex: 10      Spells: 0 memorised, 14 levels left

rFire  . . .     SeeInvis .     R - +6 broad axe (freeze)
rCold  . . .     Gourm    .     e - +2 chain mail {rPois}
rNeg   . . .     Faith    .     c - +0 shield
rPois  +         Spirit   +     (helmet restricted)
rElec  .         Dismiss  .     v - +1 cloak {rPois}
rCorr  .         Reflect  .     r - +1 pair of gloves {Str+3}
SustAt .         Harm     .     (no boots)
MR     ++...                    h - amulet of guardian spirit
Stlth  ..........               x - +3 ring of evasion
                                A - ring of protection from magic

@: very resistant to hostile enchantments, extremely unstealthy
A: walk on water, horns 1, clever 2, deformed body, deterioration 1, mutation
resistance 1, screaming 1, weak 1
a: Smiting, Recall Orcish Followers, Give Item to Named Follower, Resurrection,
Renounce Religion


You were on level 13 of the Dungeon.
You worshipped Beogh.
Beogh was exalted by your worship.
You were not hungry.

You visited 3 branches of the dungeon, and saw 23 of its levels.

You collected 2430 gold pieces.
You spent 655 gold pieces at shops.

Inventory:

Hand Weapons
 R - a +6 broad axe of freezing (weapon)
Armour
 c - a +0 shield (worn)
 e - a +2 chain mail of poison resistance (worn)
 r - a +1 pair of gloves of strength (worn)
 v - a +1 cloak of poison resistance (worn)
 w - a +2 helmet
 z - a +0 plate armour
Jewellery
 a - an uncursed ring of flight
 h - an amulet of guardian spirit (around neck)
 x - a +3 ring of evasion (right hand)
 A - a ring of protection from magic (left hand)
 L - a +4 ring of dexterity
 O - an uncursed ring of resist corrosion
Wands
 i - a wand of acid (6/15)
 m - a wand of enslavement (12/24)
 y - a wand of digging (24/24)
 B - a wand of iceblast (6/15)
 G - a wand of confusion (33/48)
 H - a wand of flame (29/48)
 J - a wand of acid (8/15)
 T - a wand of teleportation (3/9)
Scrolls
 b - 2 scrolls of fear
 g - a scroll of holy word
 l - 8 scrolls of teleportation
 t - 6 scrolls of enchant armour
 C - 2 scrolls of summoning
 E - a scroll of amnesia
 N - 2 scrolls of recharging
 P - a scroll of remove curse
 S - a scroll of identify
Potions
 j - 4 potions of magic
 n - a potion of invisibility
 o - 2 potions of berserk rage
 p - 7 potions of curing
 q - 4 potions of ambrosia
 s - 3 potions of flight
 u - 2 potions of cancellation
 K - 2 potions of brilliance
 M - a potion of agility
 Q - a potion of lignification
Comestibles
 f - 10 bread rations
 k - 9 meat rations
 D - 31 royal jellies
 F - 7 fruits
 I - 7 beef jerkies


   Skills:
 + Level 10.9 Fighting
 - Level 19.5 Axes
 + Level 11.6 Armour
 + Level 7.3 Dodging
 - Level 15.0 Shields


You had 14 spell levels left.
You didn't know any spells.

Dungeon Overview and Level Annotations

Branches:
Dungeon (13/15)            Temple (0/1) D:7            Lair (8/8) D:9
 Shoals (0/4) Lair:6        Snake (0/4) Lair:5        Slime (0/6) Lair:6
    Orc (2/2) D:10            Elf (0/3) Orc:2        Vaults (0/5) D:13

Altars:
Dithmenos
Fedhas
Gozag
Nemelex Xobeh
Ru
Xom
Yredelemnul
Zin
The Shining One
Beogh
Jiyva

Shops:
D:6 :   Orc:2 (=*[


Innate Abilities, Weirdness & Mutations

You can walk on water.
You have a pair of small horns on your head.
Your mind is very acute. (Int +4)
Armour fits poorly on your strangely shaped body.
Your body sometimes deteriorates upon taking damage.
You are somewhat resistant to further mutation.
You occasionally shout uncontrollably at your foes.
You are weak. (Str -2)


Message History

Your orc hits the salamander with a mace!
Zorug is engulfed in roaring flames.
You block the salamander's attack.
Unknown command.
Unknown command.
Drink which item? (? for menu, Esc to quit)
You feel better.
The salamander stormcaller gathers magical energy.
You block the salamander's attack.
Your orc wizard gestures wildly while chanting.
Your orc wizard seems to speed up.
Bogmar hits the salamander stormcaller from afar with a fine trident {elec}.
There is a sudden explosion of sparks!
The salamander hits you but does no damage.
Your orc hits the salamander but does no damage.
Drink which item? (? for menu, Esc to quit)
You feel better.
Your surroundings seem slightly different.
The salamander stormcaller points at you and mumbles some strange words.
A raging storm of fire appears!
The great blast of fire engulfs you!
You die...

... ###..# ... ....# #.#
##...## #C# ##.....##
#.### ##.......##
#§#.####
##.......o)###oo...)####
.'..:.....NN§oo§oo.))(.(
#.....@..N####oo.#)####
##.......## ##.##.#
##.....## ####.# ##...##
#.# ##'## #.# #. #.# ..
#.# ..


You could see a salamander stormcaller, 2 salamanders, the friendly Bogmar the
orc warlord, the friendly Gorg the orc warlord, the friendly Zorug the orc
knight and a friendly orc.

Vanquished Creatures
  Azrael (D:13)
  A slime creature (D:13)
  A centaur warrior (D:13)
  An ice dragon (Lair:8)
  4 death yaks
  An orc high priest (Orc:2)
  An unseen horror (D:11)
  4 hill giants
  An ugly thing (D:10)
  An orc sorcerer (Orc:2)
  Maurice (D:8)
  5 elephants
  4 black mambas
  Psyche (D:8)
  4 torpor snails (Lair:8)
  A gargoyle (D:11)
  6 spiny frogs
  A rime drake (Lair:5)
  7 komodo dragons
  4 trolls
  A giant leech (Lair:8)
  6 polar bears (Lair:8)
  A queen bee (D:11)
  5 two-headed ogres
  6 blink frogs
  2 raiju (Lair:8)
  A boulder beetle (Lair:8)
  4 wraiths (Orc:2)
  A wyvern (Lair:6)
  20 yaks
  A fire elemental (D:13)
  Grum (D:8)
  3 basilisks
  A steam dragon (D:12)
  5 wargs
  8 hippogriffs
  2 nagas (Lair:5)
  Edmund (D:6)
  10 water moccasins
  8 orc warriors
  4 hell hounds
  5 porcupines
  2 sky beasts
  12 black bears
  An eye of draining (D:10)
  2 wasps (Lair:8)
  An ice beast (D:6)
  4 ogres
  2 phantoms
  11 wolves
  8 centaurs
  9 crocodiles
  A big kobold (D:13)
  14 giant frogs
  A wyvern skeleton (D:10)
  4 scorpions
  27 killer bees
  2 howler monkeys
  An electric eel (Lair:8)
  3 crimson imps
  A centaur zombie (D:11)
  4 jellies
  7 orc priests
  A centaur skeleton (D:11)
  4 hounds
  A giant frog skeleton (D:7)
  A gnoll shaman (D:4)
  8 iguanas
  12 orc wizards
  Natasha (thrice) (D:3)
  6 worker ants
  16 sheep
  A hound zombie (D:7)
  A hound skeleton (D:6)
  2 worker ant zombies
  7 gnolls
  10 adders
  2 howler monkey skeletons (D:8)
  34 river rats
  An ooze (D:1)
  2 adder zombies
  17 worms
  A dart slug (D:3)
  4 giant geckos (D:7)
  29 orcs
  4 bats
  6 giant cockroaches
  10 goblins
  11 hobgoblins
  7 jackals
  3 quokkas
  6 giant newts
  15 kobolds
  5 rats
  A fungus (Lair:4)
  8 plants
502 creatures vanquished.

Vanquished Creatures (collateral kills)
  Josephine (Orc:2)
  8 hydras
  2 catoblepae
  An orc high priest (Orc:2)
  5 death yaks (Lair:8)
  2 hill giants
  2 orc knights (Orc:2)
  A lindwurm (Lair:8)
  2 griffons
  2 ugly things (D:11)
  A salamander (D:13)
  3 orc sorcerers
  A cyclops (D:11)
  8 elephants
  5 black mambas
  3 torpor snails
  7 spiny frogs
  A rime drake (Lair:8)
  2 trolls
  3 giant leeches (Lair:8)
  5 polar bears
  2 two-headed ogres (Orc:2)
  8 blink frogs
  3 raiju (Lair:8)
  2 slime creatures (D:13)
  A spriggan (Lair:4)
  30 yaks
  A wraith (Orc:2)
  2 fire elementals (D:13)
  7 hippogriffs
  5 wargs (Lair:8)
  2 hell hounds
  A naga (Lair:5)
  7 water moccasins
  6 porcupines
  2 orc warriors (Orc:2)
  A phantom (D:12)
  A wasp (D:12)
  5 black bears
  2 ogres
  15 wolves
  4 crocodiles
  3 big kobolds
  6 giant frogs
  6 killer bees (D:11)
  2 electric eels
  A crimson imp (D:12)
  A quasit (D:11)
  4 orc priests
  11 hounds
  3 orc wizards
  2 iguanas
  A worker ant (D:13)
  15 sheep
  36 river rats
  An adder (D:12)
  4 worms (Lair:8)
  10 orcs
  4 jackals (Lair:8)
  11 kobolds
  2 fungi
  8 plants
303 creatures vanquished.

Vanquished Creatures (others)
  An ogre mage (Orc:2)
  An orc high priest (Orc:2)
  A wizard (D:13)
  2 orc knights (Orc:2)
  A salamander (D:13)
  A black bear (Lair:8)
  8 orc warriors
  7 orc priests
  11 orc wizards
  An iguana (D:5)
  24 orcs
  14 fungi
  38 plants
110 creatures vanquished.

Grand Total: 915 creatures vanquished

Notes
Turn   | Place    | Note
--------------------------------------------------------------
     0 | D:1      | MDvedh the Hill Orc Fighter began the quest for the Orb.
     0 | D:1      | Reached XP level 1. HP: 19/19 MP: 1/1
    81 | D:1      | Reached skill level 3 in Axes
   482 | D:1      | Reached XP level 2. HP: 26/26 MP: 2/2
   591 | D:1      | Reached skill level 4 in Axes
   812 | D:2      | Reached XP level 3. HP: 26/31 MP: 3/3
  1240 | D:2      | Reached skill level 5 in Axes
  1299 | D:2      | Found a faded altar to an unknown god.
  1398 | D:2      | Reached XP level 4. HP: 38/39 MP: 4/4
  1404 | D:2      | Reached skill level 6 in Axes
  1661 | D:3      | Reached XP level 5. HP: 18/45 MP: 5/5
  1969 | D:3      | Noticed Natasha
  2006 | D:3      | Killed Natasha
  2006 | D:3      | Reached skill level 7 in Axes
  2015 | D:3      | Noticed Natasha
  2026 | D:3      | Killed Natasha
  2189 | D:3      | Reached skill level 8 in Axes
  2189 | D:3      | Reached XP level 6. HP: 41/51 MP: 6/6
  2297 | D:3      | Noticed Natasha
  2303 | D:3      | Killed Natasha
  2849 | D:4      | Reached skill level 9 in Axes
  3333 | D:4      | Reached XP level 7. HP: 52/57 MP: 7/7
  3785 | D:4      | You fall through a shaft for 2 floors!
  3787 | D:6      | Found a shadowy altar of Dithmenos.
  3790 | D:5      | Entered Level 5 of the Dungeon
  3801 | D:5      | Reached skill level 10 in Axes
  3887 | D:5      | Became a worshipper of Beogh the Brigand
  4311 | D:6      | Noticed Edmund
  4317 | D:6      | Killed Edmund
  4317 | D:6      | Reached skill level 11 in Axes
  4447 | D:6      | Found Otawul's Book Shoppe.
  4543 | D:6      | Reached XP level 8. HP: 64/64 MP: 8/8
  4880 | D:7      | Found a staircase to the Ecumenical Temple.
  4892 | D:7      | Reached skill level 12 in Axes
  4931 | D:7      | Reached * piety under Beogh
  5128 | D:7      | Found a shimmering altar of Xom.
  5133 | D:7      | Found an opulent altar of Gozag.
  5133 | D:7      | Found a basalt altar of Yredelemnul.
  5135 | D:7      | Found a glowing silver altar of Zin.
  5345 | D:7      | Reached skill level 13 in Axes
  5351 | D:7      | Gained mutation: Your flesh is heat resistant. [mutagenic meat]
  5352 | D:7      | Lost mutation: Your flesh is heat resistant. [mutagenic meat]
  5353 | D:7      | Gained mutation: You are weak. (Str -2) [mutagenic meat]
  5354 | D:7      | Gained mutation: You occasionally shout uncontrollably at your foes. [mutagenic meat]
  5355 | D:7      | Gained mutation: Your body sometimes deteriorates upon taking damage. [mutagenic meat]
  5636 | D:8      | Noticed Grum
  6366 | D:8      | Noticed Psyche
  6387 | D:8      | Killed Psyche
  6387 | D:8      | Reached skill level 14 in Axes
  6387 | D:8      | Reached XP level 9. HP: 70/70 MP: 6/9
  6399 | D:8      | Found a sacrificial altar of Ru.
  6554 | D:8      | Noticed Maurice
  6563 | D:8      | Reached skill level 15 in Axes
  6586 | D:8      | Killed Grum
  6587 | D:8      | Killed Maurice
  6874 | D:8      | Reached skill level 16 in Axes
  7152 | D:9      | Reached ** piety under Beogh
  7345 | D:9      | Noticed a two-headed ogre
  7355 | D:9      | Reached skill level 5 in Shields
  7355 | D:9      | Reached XP level 10. HP: 64/77 MP: 7/10
  7365 | D:9      | Reached skill level 5 in Armour
  7556 | D:9      | Found a sparkling altar of Nemelex Xobeh.
  7615 | D:9      | Noticed a hill giant
  7627 | D:9      | Killed a hill giant
  7683 | D:9      | Found a staircase to the Lair.
  7782 | D:9      | Found a blossoming altar of Fedhas.
  8087 | D:10     | Entered Level 10 of the Dungeon
  8090 | D:10     | Noticed a green ugly thing
  8109 | D:10     | Killed a green ugly thing
  8270 | D:10     | Gained mutation: You are robust (+10% HP). [mutagenic meat]
  8271 | D:10     | Gained mutation: You have a pair of small horns on your head. [mutagenic meat]
  8272 | D:10     | Gained mutation: You are somewhat resistant to further mutation. [mutagenic meat]
  8606 | D:10     | Reached *** piety under Beogh
  8636 | D:10     | Reached XP level 11. HP: 52/90 MP: 6/11
  8884 | D:10     | Found a staircase to the Orcish Mines.
  9030 | D:10     | Noticed a hill giant
  9039 | D:10     | Killed a hill giant
  9039 | D:10     | Reached skill level 10 in Shields
  9194 | Lair:1   | Entered Level 1 of the Lair of Beasts
 10260 | Lair:1   | Reached **** piety under Beogh
 10846 | Lair:2   | Gained mutation: Your mind is acute. (Int +2) [potion of mutation]
 10847 | Lair:2   | Gained mutation: Armour fits poorly on your strangely shaped body. [potion of mutation]
 10847 | Lair:2   | Gained mutation: Your mind is very acute. (Int +4) [potion of mutation]
 10848 | Lair:2   | Lost mutation: You are robust (+10% HP). [potion of mutation]
 10907 | Lair:2   | Gained Bolgrim as an ally
 11043 | Lair:2   | HP: 3/82 [electric eel/bolt of electricity (8)]
 11311 | Lair:2   | Noticed a seven-headed hydra
 11318 | Lair:2   | Killed a seven-headed hydra
 11974 | Lair:3   | Gained Gorg as an ally
 11974 | Lair:3   | Reached XP level 12. HP: 90/90 MP: 9/12
 12424 | Lair:3   | Noticed a four-headed hydra
 12432 | Lair:3   | Killed a four-headed hydra
 12891 | Lair:3   | Reached ***** piety under Beogh
 12934 | Lair:3   | Reached skill level 10 in Armour
 13248 | Lair:4   | Gained Bogmar as an ally
 13462 | Lair:4   | Noticed a four-headed hydra
 13469 | Lair:4   | Killed a four-headed hydra
 14101 | Lair:5   | Noticed a six-headed hydra
 14109 | Lair:5   | Killed a six-headed hydra
 14380 | Lair:5   | Found a staircase to the Snake Pit.
 14383 | Lair:5   | Noticed a six-headed hydra
 14391 | Lair:5   | Killed a six-headed hydra
 14801 | Lair:6   | Noticed a four-headed hydra
 14810 | Lair:6   | Killed a four-headed hydra
 15144 | Lair:6   | Found a viscous altar of Jiyva.
 15145 | Lair:6   | Found a staircase to the Slime Pits.
 15172 | Lair:6   | Found a glowing golden altar of the Shining One.
 15209 | Lair:6   | Reached skill level 15 in Shields
 15209 | Lair:6   | Reached XP level 13. HP: 95/95 MP: 13/13
 15287 | Lair:6   | Found a staircase to the Shoals.
 15297 | Lair:6   | Reached skill level 1 in Dodging
 15522 | Lair:6   | Reached skill level 5 in Fighting
 17002 | Lair:8   | Entered Level 8 of the Lair of Beasts
 17011 | Lair:8   | Reached ****** piety under Beogh
 17056 | Lair:8   | Reached skill level 5 in Dodging
 17644 | Lair:8   | Reached XP level 14. HP: 54/119 MP: 8/14
 17865 | Lair:8   | Reached skill level 10 in Fighting
 18005 | Lair:8   | Identified a scroll of acquirement
 18350 | Lair:8   | Reached skill level 17 in Axes
 19113 | Lair:8   | Found a runed door.
 19580 | Orc:1    | Entered Level 1 of the Orcish Mines
 19580 | Orc:1    | Found a roughly hewn altar of Beogh.
 19805 | Orc:2    | Entered Level 2 of the Orcish Mines
 19912 | Orc:2    | Reached skill level 18 in Axes
 19946 | Orc:2    | Found a staircase to the Elven Halls.
 20136 | Orc:2    | Gained Zorug as an ally
 20481 | Orc:2    | Found Futtidd's General Store.
 20481 | Orc:2    | Found Ugufapti's Armour Shop.
 20483 | Orc:2    | Found Qamig's Antique Weapon Emporium.
 20483 | Orc:2    | Found Kurib's Jewellery Shop.
 20491 | Orc:2    | Bought a fine trident for 255 gold pieces
 20502 | Orc:2    | Bought an uncursed ring of protection from magic for 400 gold pieces
 20586 | Orc:2    | Your ally Bolgrim died
 20633 | Orc:2    | Noticed Josephine
 20643 | Orc:2    | Killed Josephine
 21238 | D:11     | Reached skill level 19 in Axes
 21316 | D:11     | Gained Oruk as an ally
 21473 | D:11     | Your ally Oruk died
 22005 | D:12     | Got an ichor-stained scale mail
 22006 | D:12     | Identified the cursed +1 scale mail of Polytheism {Str+3 Dex-4} (You found it on level 12 of the Dungeon)
 22103 | D:12     | Reached XP level 15. HP: 126/126 MP: 15/15
 22375 | D:13     | Found a gate to the Vaults.
 22422 | D:13     | Noticed Urug
 22464 | D:13     | Noticed Azrael
 22478 | D:13     | Killed Azrael
 23060 | D:13     | Gained Bolgrim as an ally
 23069 | D:13     | Gained Thorok as an ally
 23155 | D:13     | Killed from afar by a salamander stormcaller

Skill      XL: |  1  2  3  4  5  6  7  8  9 10 11 12 13 14 15 |
---------------+----------------------------------------------+-----
Axes           | 3 4 5 6 8 9 11 14 16 19 | 19.5
Shields        | 5 9 12 15 | 15.0
Armour         | 4 6 9 11 | 11.6
Fighting       | 9 10 | 10.9
Dodging        | 6 7 |  7.3

Action                   |  1- 3 |  4- 6 |  7- 9 | 10-12 | 13-15 || total
-------------------------+-------+-------+-------+-------+-------++-------
Melee: War axe           |    99 |   166 |   326 |   664 |   345 ||  1600
       Headbutt          |       |       |       |   107 |   177 ||   284
       Broad axe         |       |       |       |       |   507 ||   507
Invok: Convert to Beogh  |       |       |     1 |       |       ||     1
       Recall Orcish Fol |       |       |       |     7 |    18 ||    25
       Give Item to Name |       |       |       |       |     2 ||     2
  Use: Scroll            |       |       |    14 |     8 |    17 ||    39
       Potion            |       |       |     2 |    11 |     4 ||    17
 Stab: Distracted        |       |       |       |     3 |     6 ||     9
  Eat: Chunk             |     1 |     6 |     9 |    10 |     5 ||    31
       Pizza             |       |       |     2 |       |     1 ||     3
       Beef jerky        |       |       |     2 |     2 |       ||     4
       Meat ration       |       |       |     1 |     3 |     1 ||     5
       Bread ration      |       |       |       |     1 |     3 ||     4
Armor: Chain mail        |    65 |    75 |   111 |    53 |   180 ||   484
       Plate armour      |       |       |    44 |   167 |       ||   211
Dodge: Dodged            |    20 |    26 |    55 |   114 |   284 ||   499
Block: Shield            |    59 |    72 |   153 |   387 |   481 ||  1152
